 Dungeon Crawl Stone Soup version 0.32-a0-450-g080537f31e (webtiles) character file.

Game seed: 9499112216617903630

7 shadowstone the Cudgeller (level 1, 0/17 HPs)
             Began as a Mountain Dwarf Reaver on Feb 23, 2024.
             Slain by a quokka (2 damage)
             ... on level 1 of the Dungeon.
             The game lasted 00:00:29 (277 turns).

shadowstone the Cudgeller (Mountain Dwarf Reaver)    Turns: 277, Time: 00:00:29

Health: 0/17       AC:  3    Str: 14    XL:     1   Next: 91%
Magic:  3/3        EV: 11    Int: 13    God:
Gold:   17         SH:  0    Dex:  8    Spells: 2/3 levels left

rFire   . . .        a - +0 mace
rCold   . . .        (no shield)
rNeg    . . .        b - +0 leather armour
rPois   .            (no helmet)
rElec   .            (no cloak)
rCorr   .            (no gloves)
SInv    .            (no boots)
Will    .....        (no amulet)
Stlth   +            (no ring)
HPRegen 0.22/turn    (no ring)
MPRegen 0.08/turn

%: no passive effects
@: no status effects
A: runic magic, artefact enchanting
a: no special abilities


You were on level 1 of the Dungeon.
You visited 1 branch of the dungeon, and saw 1 of its levels.

You collected 17 gold pieces.

Inventory:

Hand Weapons
 a - a +0 mace (weapon)
Armour
 b - a +0 leather armour (worn)


   Skills:
 + Level 2.2 Fighting
 + Level 4.0 Maces & Flails
 + Level 1.4 Dodging
 + Level 1.9 Spellcasting
 + Level 2.7 Conjurations


You had 2 spell levels left.
You knew the following spells:

 Your Spells              Type           Power      Damage    Failure   Level
a - Kiss of Death         Conj/Necr      16%        2d6       16%         1

Your spell library contained the following spells:

 Spells                   Type           Power      Damage    Failure   Level
 Momentum Strike          Conj/Tloc      8%         3d8       22%         2
 Hailstorm                Conj/Ice       4%         3d5       41%         3


Dungeon Overview and Level Annotations

Branches:
Dungeon (1/15)

Altars:

Shops:
D:1 (


Innate Abilities, Weirdness & Mutations

Your spellcasting is much less encumbered by armour.
You can use scrolls of enchantment on lesser artefacts.


Message History

You see here a rat corpse.
A quokka comes into view.
You closely miss the quokka. The quokka barely misses you.
You closely miss the quokka. The quokka barely misses you.
The quokka closely misses you.
You barely miss the quokka. The quokka bites you.
You barely miss the quokka. The quokka bites you. The quokka barely misses you.
You miss the quokka. The quokka barely misses you.
You hit the quokka.
The quokka is lightly wounded.
The quokka bites you.
You barely miss the quokka.
The quokka is lightly wounded.
The quokka bites you but does no damage.
The quokka misses you.
You hit the quokka but do no damage.
The quokka is lightly wounded.
The quokka misses you.
You barely miss the quokka.
The quokka is lightly wounded.
The quokka bites you. The quokka misses you.
You barely miss the quokka.
The quokka is lightly wounded.
The quokka closely misses you.
You barely miss the quokka.
The quokka is lightly wounded.
The quokka bites you.
The quokka bites you but does no damage.
You barely miss the quokka.
The quokka is lightly wounded.
The quokka bites you.
You hit the quokka.
The quokka is moderately wounded.
The quokka bites you.
* * * LOW HITPOINT WARNING * * *
The quokka completely misses you.
You hit the quokka.
The quokka is heavily wounded.
The quokka bites you.
You die...

#.#...# #..
##.#...# ###
##.#....#######
####.###.........#
#...####...#.###.#
#†##.##.......)..#
#.###.#...##.###..
#.# ##.#..#.## #.#
#@# #.#..... ....
#r# #.#..#.##....
#.# #......##.#.#
#.# ###..........
#.# ##.####.#.#
#.. .# . ... ###


You could see a quokka.

Vanquished Creatures
  A dart slug (D:1)
  A hobgoblin (D:1)
  A goblin (D:1)
  2 kobolds (D:1)
  A rat (D:1)
6 creatures vanquished.

Notes
Turn   | Place    | Note
-------+----------+-------------------------------------------
     0 | D:1      | shadowstone the Mountain Dwarf Reaver began the quest for
                  | the Orb.
     0 | D:1      | Reached XP level 1. HP: 17/17 MP: 3/3
     8 | D:1      | Found Nuysued's Weapon Shoppe.
   260 | D:1      | Reached skill level 4 in Maces & Flails
   277 | D:1      | Slain by a quokka

Illustrated notes

Levels and vault maps discovered:
D:1:      dpeg_arrival_simpleton_a, layout_loops_ring, serial_shops,
          nicolae_shop_pleasant_corner_grove, minmay_worlds_worst_comb

Skill      XL: |  1 |
---------------+----+-----
Maces & Flails | 4 |  4.0
Fighting       | |  2.2
Dodging        | |  1.4
Spellcasting   | |  1.9
Conjurations   | |  2.7

Action                     || total
---------------------------++-------
  Melee: Mace              ||    32
 Armour: Leather armour    ||    24
  Dodge: Dodged            ||    17

Table legend: (Time is in decaauts)
 A = Elapsed time spent in this place.
 B = Non-inter-level travel time spent in this place.
 C = Inter-level travel time spent in this place.
 D = Time resting spent in this place.
 E = Time spent auto-exploring this place.
 F = Levels seen in this place.
 G = Mean time per level.
                   A        B        C        D        E       F      G
               +--------+--------+--------+--------+--------+-----+--------+
         Total |    283 |    283 |      0 |    132 |     55 |   1 |  283.0 |
       Dungeon |    283 |    283 |      0 |    132 |     55 |   1 |  283.0 |
               +--------+--------+--------+--------+--------+-----+--------+

Top non-repeatable levels by time:
     D:1: 283 daAuts
